 Dungeon Crawl Stone Soup version 0.19-a0-1905-ge8b2aad (webtiles) character file.

384 Naow the Shield-Bearer (level 7, -4/55 HPs)
             Began as a Formicid Fighter on Oct 21, 2016.
             Killed by nerve-wracking pain
             ... invoked by freekh's ghost
              (5 damage)
             ... on level 4 of the Dungeon.
             The game lasted 00:04:00 (2634 turns).

Naow the Shield-Bearer (Formicid Fighter)           Turns: 2634, Time: 00:04:00

Health: -4/55      AC:  7    Str: 23    XL:     7   Next: 6%
Magic:  7/7        EV:  8    Int:  7    God:
Gold:   151        SH: 10    Dex: 10    Spells: 0 memorised, 6 levels left

rFire  . . .     SeeInvis +     a - +0 war axe
rCold  . . .     Gourm    .     b - +0 scale mail
rNeg   . . .     Faith    .     c - +0 shield
rPois  .         Spirit   .     (helmet unavailable)
rElec  .         Reflect  .     (no cloak)
rCorr  .         Harm     .     (no gloves)
MR     .....                    (no boots)
Stlth  ..........               (no amulet)
                                (no ring)
                                (no ring)

@: no status effects
A: permanent stasis, dig shafts and tunnels, four strong arms, antennae 3
a: Dig, Shaft Self


You were on level 4 of the Dungeon.
You were not hungry.

You visited 1 branch of the dungeon, and saw 4 of its levels.

You collected 151 gold pieces.

Inventory:

Hand Weapons
 a - a +0 war axe (weapon)
Armour
 b - a +0 scale mail (worn)
 c - a +0 shield (worn)
Jewellery
 k - an uncursed ring of wizardry {unknown}
 w - an uncursed ring of resist corrosion {unknown}
Scrolls
 e - 5 scrolls of identify {unknown}
 h - 2 scrolls of enchant armour {unknown}
 l - 3 scrolls of blinking {unknown}
 m - 2 scrolls of amnesia {unknown}
 o - a scroll of teleportation {unknown}
 p - a scroll of noise {unknown}
 s - 5 scrolls of remove curse {unknown}
Potions
 d - a potion of might
 j - a potion of cure mutation {unknown}
 q - a potion of agility {unknown}
 r - 2 potions of curing {unknown}
 u - a potion of beneficial mutation {unknown}
 v - a potion of mutation {unknown}
Comestibles
 f - 3 bread rations
 g - a slice of pizza
 i - 2 beef jerkies
 n - 3 chunks of flesh
 t - 2 fruits


   Skills:
 + Level 4.4 Fighting
 * Level 4.7 Axes
 + Level 4.8 Armour
 + Level 5.0 Shields


You had 6 spell levels left.
You didn't know any spells.

Dungeon Overview and Level Annotations

Branches:
Dungeon (4/15)
 Temple: D:4-7

Altars:
Elyvilon

Annotations:
D:4 freekh's ghost, amateur DsNe


Innate Abilities, Weirdness & Mutations

You are under a permanent stasis effect.
You can dig through walls and to a lower floor.
Your four strong arms can wield two-handed weapons with a shield.
You have a pair of large antennae on your head. (SInv)


Message History

Freekh's ghost (amateur Demonspawn Necromancer) comes into view.
It is wielding a weapon of chaos.
Freekh's ghost is nearby!
Freekh's ghost gestures at you while chanting.
Pain shoots through your body!
Freekh's ghost hits you but does no damage.
Space warps horribly around you! Freekh's ghost casts a spell at you.
Pain shoots through your body!
* * * LOW HITPOINT WARNING * * *
Freekh's ghost casts a spell at you.
You struggle to resist.
Freekh's ghost casts a spell at you.
You struggle to resist.
Freekh's ghost casts a spell at you. Pain shoots through your body!
* * * LOW HITPOINT WARNING * * *
Freekh's ghost stares at you. Freekh's ghost casts a spell at you.
Pain shoots through your body!
You die...

............## # .
.......W....# #. # ..
.....##.##### #.# # ...
.######.# #.##### ... #...W.#
#.#.... .. #.##### #.#.###
#.#.# #.#.#..
####...#################.#.#.#
.........W....@...............>
###.##.##########.#######.#.#.#
# #. .........#######.#.#.. ##
...................###
...................#..
###................#.#
#................#
#................#
).......#######.#.#


You could see freekh's ghost.

Vanquished Creatures
  The ghost of Naow the Slasher, an amateur HuFi (D:3)
  A hound (D:4)
  An orc priest (D:3)
  Jessica (D:2)
  Ijyb (D:2)
  Robin (D:2)
  A gnoll (D:3)
  6 adders
  An ooze (D:4)
  3 worms (D:2)
  3 dart slugs
  A leopard gecko (D:1)
  10 orcs (D:3)
  9 bats
  5 giant cockroaches
  9 goblins
  10 hobgoblins
  4 jackals (D:3)
  3 quokkas
  2 ball pythons
  4 frilled lizards
  8 kobolds
  4 rats
89 creatures vanquished.

Notes
Turn   | Place    | Note
-------+----------+-------------------------------------------
     0 | D:1      | Naow the Formicid Fighter began the quest for the Orb.
     0 | D:1      | Reached XP level 1. HP: 18/18 MP: 1/1
   382 | D:1      | Reached XP level 2. HP: 24/24 MP: 2/2
   957 | D:2      | Noticed Jessica
   957 | D:2      | Noticed Ijyb
  1051 | D:2      | Reached XP level 3. HP: 21/29 MP: 3/3
  1073 | D:2      | Killed Ijyb
  1073 | D:2      | Reached XP level 4. HP: 30/37 MP: 4/4
  1204 | D:2      | Killed Jessica
  1204 | D:2      | Reached skill level 4 in Shields
  1244 | D:2      | Noticed Robin
  1249 | D:2      | Reached XP level 5. HP: 37/42 MP: 5/5
  1258 | D:2      | Killed Robin
  1349 | D:2      | Found a white marble altar of Elyvilon.
  1741 | D:3      | Noticed Naow's ghost (amateur HuFi)
  1974 | D:3      | Reached XP level 6. HP: 45/48 MP: 6/6
  2097 | D:3      | Killed Naow's ghost
  2235 | D:3      | Found a faded altar of an unknown god.
  2588 | D:4      | Reached skill level 5 in Shields
  2588 | D:4      | Reached XP level 7. HP: 43/55 MP: 7/7
  2613 | D:4      | Noticed freekh's ghost (amateur DsNe)
  2632 | D:4      | HP: 1/55 [freekh's ghost/nerve-wracking pain (12)]
  2634 | D:4      | Killed from afar by freekh's ghost

Vault maps used:
D:1:      dpeg_arrival_tiny_d
D:2:      first_bread, lemuel_tele_altar, uniq_jessica, uniq_iyjb, uniq_robin
D:3:      kb_forest_paths, ecumenical_altar_2
D:4:      makhleb_blood_cavern_becter

Skill      XL: |  1  2  3  4  5  6 |
---------------+-------------------+-----
Axes           | 3 4 |  4.7
Armour         | 4 |  4.8
Shields        | 4 5 |  5.0
Fighting       | 4 |  4.4

Action                   |  1- 3 |  4- 6 |  7- 9 || total
-------------------------+-------+-------+-------++-------
Melee: War axe           |    79 |   216 |       ||   295
  Eat: Chunk             |     1 |     5 |       ||     6
Armor: Scale mail        |    42 |    88 |     1 ||   131
Dodge: Dodged            |    25 |    69 |       ||    94
Block: Shield            |    57 |   111 |       ||   168
